AoeStats
← Mooncore

Arabia

508926154Analyzed
1v1 RM · 6d ago on Sep 24, 2026· 44m 18s· 2 players
Game mode
Random Map
Map size
Tiny (2 player)
Population
200
Speed
Normal
Resources
Standard
Victory
Conquest
Starting age
Dark Age
Ending age
Imperial Age
RankedLock teamsTeams togetherTeam positionsShared explorationLock speedFull tech treeHidden civsTurbo modeCheats
Victory
Defeat
🇹🇷 Cumans · Türkiye
906
+17
🇬🇧 Varangians · United Kingdom
938
-39
Jason
10:25 Feudal Age
8:41 Loom
12:18 Horse Collar
12:28 Double-Bit Axe
12:38 Man-at-Arms
25:00 Castle Age
24:31 Fletching
24:42 Padded Archer Armor
25:49 Thumb Ring
25:27 Crossbowman
26:50 Pikeman
29:52 Squires
33:16 Bow Saw
33:37 Bow Saw
33:31 Heavy Plow
35:01 Ballistics
34:39 Murder Holes
41:10 Imperial Age
43:05 Wheelbarrow
42:17 Town Watch
43:37 Two-Man Saw
Mooncore
10:29 Feudal Age
9:26 Loom
16:36 Forging
24:47 Castle Age
25:56 Scale Mail Armor
33:04 Light Cavalry
35:00 Bloodlines
34:50 Husbandry
38:44 Iron Casting
42:05 Imperial Age
43:31 Hussar
Connection lost

Rejoining the realm…

Still unreachable

The connection could not be restored.

Session expired

The server has moved on; the page needs a fresh start.